 Dungeon Crawl Stone Soup version 0.28.0-1-gb440e238dd (webtiles) character file.

Game seed: 2618265087687947942

5802 pkoi the Zephyrmancer (level 10, -13/77 HPs)
             Began as a Green Draconian Air Elementalist on Feb 27, 2022.
             Was an Initiate of Gozag.
             Mangled by a vampire (19 damage)
             ... in a bailey.
             The game lasted 00:18:11 (17676 turns).

pkoi the Zephyrmancer (DrAE)                       Turns: 17676, Time: 00:18:11

Health: -13/77     AC: 10    Str: 10    XL:     10   Next: 50%
Magic:  9/21       EV: 13    Int: 25    God:    Gozag
Gold:   1777       SH:  0    Dex: 13    Spells: 16/24 levels left

rFire   . . .      SeeInvis .     - Unarmed
rCold   . . .      Faith    .   (no shield)
rNeg    . . .      Spirit   .   (armour unavailable)
rPois   +          Reflect  .   t - +1 hat
rElec   .          Harm     .   (no cloak)
rCorr   .          Rampage  .   l - +0 pair of gloves
Will    .....                   b - +0 pair of boots
Stlth   +.........              (no amulet)
HPRegen 0.22/turn               f - +6 ring of intelligence
MPRegen 0.17/turn               (no ring)

@: confused, studying Throwing
A: breathe noxious fumes, AC +7, unfitting armour, poison resistance,
cold-blooded
a: Breathe Noxious Fumes, Renounce Religion, Potion Petition, Call Merchant,
Bribe Branch


You were in a bailey.
You worshipped Gozag.
Gozag was most pleased with you.
You visited 2 branches of the dungeon, and saw 9 of its levels.
You also visited: Bailey.

You collected 1785 gold pieces.
You paid 8 gold pieces to Gozag.

Inventory:

Hand Weapons
 e - a +3 dagger of venom
Armour
 b - a +0 pair of boots (worn)
 l - a +0 pair of gloves (worn)
 t - a +1 hat (worn)
Jewellery
 f - a +6 ring of intelligence (left hand)
Wands
 k - a wand of digging (3)
 p - a wand of charming (20)
 w - a wand of paralysis (3)
Scrolls
 i - 5 scrolls of teleportation
 m - a scroll of enchant weapon
Potions
 a - 2 potions of lignification {unknown}
 d - a potion of resistance
 g - 3 potions of brilliance {unknown}
 h - 4 potions of degeneration {unknown}
 j - 5 potions of heal wounds {unknown}
 n - 2 potions of curing
 o - a potion of flight
 q - 2 potions of berserk rage
 s - a potion of magic {unknown}
 x - a potion of attraction {unknown}


   Skills:
 - Level 3.0 Fighting
 + Level 3.9 Dodging
 - Level 1.7 Stealth
 - Level 6.0 Unarmed Combat
 + Level 7.5 Spellcasting
 - Level 1.0 Conjurations
 + Level 11.7 Air Magic


You had 16 spell levels left.
You knew the following spells:

 Your Spells              Type           Power      Damage    Failure   Level
a - Shock                 Conj/Air       100%       1d9       1%          1
b - Swiftness             Air            61%        N/A       1%          3
c - Airstrike             Air            30%        N/A       1%          4

Your spell library contained the following spells:

 Spells                   Type           Power      Damage    Failure   Level
 Static Discharge         Conj/Air       41%        N/A       1%          2
 Call Canine Familiar     Summ           9%         N/A       19%         3
 Portal Projectile        Hex/Tloc       18%        N/A       19%         3
 Leda's Liquefaction      Hex/Erth       4%         N/A       54%         4


Dungeon Overview and Level Annotations

Branches:
Dungeon (8/15)             Temple (1/1) D:7          Bailey (1/1)
   Lair: D:8-11

Altars:
Cheibriados
Dithmenos
Fedhas
Gozag
Hepliaklqana
Makhleb
Nemelex Xobeh
Okawaru
Qazlal
Sif Muna
Trog
Uskayaw
Vehumet
Wu Jian
Xom
Yredelemnul
Zin
The Shining One
Beogh


Innate Abilities, Weirdness & Mutations

You can breathe blasts of noxious fumes.
Your lurid green scales are hard. (AC +7)
You cannot fit into any form of body armour.
Your system is resistant to poisons. (rPois)
You are cold-blooded and may be slowed by cold attacks.


Message History

The air twists around and strikes the vampire!
The vampire is moderately damaged.
The air twists around and strikes the vampire but does no damage.
The air twists around and strikes the vampire.
The vampire is moderately damaged.
Aiming: Airstrike (mildly dangerous; 1% risk of failure)
Press: ? - help, Q - select action, (/) - cycle Dir - move target, f/p - vampire
Aim: a vampire, wielding a +2 vampiric halberd and wearing a +0 scale mail (moderately damaged, empty space bonus: 5/8)
The air twists around and strikes the vampire!
The vampire is severely damaged.
A vampire comes into view. It is wielding a +0 vampiric halberd.
The vampire gestures wildly while chanting.
The vampire flickers and vanishes!
Deactivating autopickup; reactivate with Ctrl-A.
The vampire mumbles some strange words.
The vampire flickers and vanishes!
There is a large open door here.
Things that are here:
a +0 spear; a +0 spear You hear some strange, mumbled words.
You are confused.
Something hits you!
* * * LOW HITPOINT WARNING * * *
You hear some strange, mumbled words.
You are more confused.
You're too confused to move!
Something hits you!
* * * LOW HITPOINT WARNING * * *
Something bites you but does no damage. Something hits you.
* * * LOW HITPOINT WARNING * * *
Something barely misses you. Something hits you!
* * * LOW HITPOINT WARNING * * *
Something hits you!
* * * LOW HITPOINT WARNING * * *
You're too confused to move!
Something hits you.
* * * LOW HITPOINT WARNING * * *
Something hits you!!
You die...
Your body crumbles into a pile of gold.

.....♣.....#..))#
#...........#.)..#
#...........#..#'##+#
#....♣......#..#....#
......#.).####....#
.....####)...'....#
....##..##...'....#
#########....#...#....#
#8.......)....@..#....#
#........)#......#+####
###''##...##....8#
##....##...#######
#......##.....
#...##...#...... #..#
##..####### #.. #..# #8
..8#


There were no monsters in sight!

Vanquished Creatures
  A deep elf pyromancer (D:7)
  A cyclops (D:7)
  A gargoyle (Bailey)
  A wraith (D:7)
  2 steam dragons (D:7)
  3 water moccasins
  A sky beast (D:7)
  4 orc warriors
  A black bear (D:4)
  An ogre (D:5)
  A necrophage (D:4)
  3 phantoms
  3 centaurs
  A kobold brigand (D:7)
  3 bullfrogs
  5 scorpions
  2 water moccasin skeletons
  4 killer bees (D:6)
  7 vampire bats (Bailey)
  6 howler monkeys
  A bullfrog zombie (D:6)
  5 centaur zombies
  A gnoll shaman (D:6)
  2 orc priests (D:7)
  A centaur skeleton (D:7)
  A jelly (D:7)
  3 hounds
  3 iguanas
  4 orc wizards
  A killer bee zombie (D:6)
  3 hound zombies (D:3)
  10 gnolls
  12 adders
  15 orc zombies (Bailey)
  A white imp (D:5)
  An ufetubus (D:5)
  An adder skeleton (D:3)
  2 worms (D:2)
  A dart slug (D:3)
  29 orcs
  10 endoplasms
  A giant cockroach (D:1)
  6 hobgoblins
  9 jackals
  12 kobolds
  6 quokkas
  6 ball pythons
  A ball python skeleton (D:3)
  A ball python zombie (D:3)
  5 bats
  8 frilled lizards
  14 goblins
  A quokka skeleton (D:3)
  5 rats
233 creatures vanquished.

Vanquished Creatures (collateral kills)
  A killer bee (D:5)
1 creature vanquished.

Vanquished Creatures (others)
  A killer bee (D:5)
  4 withered plants (D:3)
5 creatures vanquished.

Grand Total: 239 creatures vanquished

Notes
Turn   | Place    | Note
-------+----------+-------------------------------------------
     0 | D:1      | pkoi the Draconian Air Elementalist began the quest for the
                  | Orb.
     0 | D:1      | Reached XP level 1. HP: 14/14 MP: 3/3
   264 | D:1      | Reached skill level 1 in Unarmed Combat
   264 | D:1      | Reached XP level 2. HP: 20/20 MP: 1/5
   664 | D:1      | Found an opulent altar of Gozag.
   675 | D:1      | Became a worshipper of Gozag Ym Sagoz the Greedy
   703 | D:1      | Reached XP level 3. HP: 26/26 MP: 1/6
  1499 | D:2      | You fall into a shaft and drop 2 floors!
  1502 | D:4      | Reached skill level 4 in Air Magic
  1502 | D:4      | Reached XP level 4. HP: 33/33 MP: 3/7
  1840 | D:4      | Noticed a scorpion
  1889 | D:4      | Killed a scorpion
  1890 | D:4      | Reached skill level 5 in Air Magic
  1890 | D:4      | Reached XP level 5. HP: 27/38 MP: 0/8
  2777 | D:3      | Reached XP level 6. HP: 39/45 MP: 1/9
  3114 | D:2      | Learned a level 3 spell: Swiftness
  3119 | D:2      | Learned a level 4 spell: Airstrike
  3224 | D:2      | Reached skill level 6 in Air Magic
  5195 | D:3      | Found a faded altar of an unknown god.
  6107 | D:4      | Your scales start taking on a lurid green colour.
  6107 | D:4      | Reached XP level 7. HP: 44/50 MP: 2/10
  6107 | D:4      | Gained mutation: Your system is resistant to poisons.
                  | (rPois) [Green Draconian growth]
  6243 | D:4      | Reached skill level 7 in Air Magic
  6891 | D:5      | Entered Level 5 of the Dungeon
  7103 | D:5      | Reached skill level 8 in Air Magic
  7567 | D:5      | Reached XP level 8. HP: 16/57 MP: 8/11
  7844 | D:5      | Found an iron altar of Okawaru.
  7878 | D:5      | Reached skill level 9 in Air Magic
  8838 | D:5      | Reached skill level 5 in Unarmed Combat
 10465 | D:6      | Reached XP level 9. HP: 61/69 MP: 2/15
 11755 | D:6      | Reached skill level 10 in Air Magic
 11994 | D:6      | Reached skill level 5 in Spellcasting
 12245 | D:6      | Found a sparkling altar of Nemelex Xobeh.
 14195 | D:7      | Noticed a cyclops
 14233 | D:7      | Killed a cyclops
 14234 | D:7      | Reached skill level 11 in Air Magic
 14400 | D:7      | Reached XP level 10. HP: 69/77 MP: 10/19
 14481 | D:7      | Noticed a deep elf pyromancer
 14484 | D:7      | Killed a deep elf pyromancer
 15666 | D:7      | Found a staircase to the Ecumenical Temple.
 15675 | Temple   | Entered the Ecumenical Temple
 16732 | D:8      | Found a flagged portal.
 16741 | Bailey   | Entered a bailey
 17467 | Bailey   | Noticed a gargoyle
 17478 | Bailey   | Killed a gargoyle
 17676 | Bailey   | Mangled by a vampire

Illustrated notes

Levels and vault maps discovered:
D:1:      lightli_arrival_maybe_door_vault, layout_loops_ring,
          kennysheep_flooded_box
D:2:      layout_basic
D:3:      layout_rooms, hellmonk_ecumenical_altar_defaced_shrine, serial_undead,
          serial_undead_e, serial_undead_f, serial_undead_a, serial_undead_d
D:4:      layout_cave_pods
D:5:      layout_gridville, okawaru_ov_weapons_minmay
D:6:      layout_layer_cave, nemelex_diamond_rough_becter
D:7:      cheibrodos_fzero, layout_layer_cave, temple_doors_e
D:8:      layout_gridville, elyvilon_altar_3, enter_bailey_3
Temple:   nicolae_temple_elliptical
Bailey:   bailey_polearm_vampire_castle_hellmonk, bailey

Skill      XL: |  1  2  3  4  5  6  7  8  9 10 |
---------------+-------------------------------+-----
Unarmed Combat | 1 2 3 4 5 6 |  6.0
Air Magic      | 4 5 6 8 9 11 | 11.7
Fighting       | 3 |  3.0
Spellcasting   | 4 6 7 |  7.5
Dodging        | 3 |  3.9
Stealth        | |  1.7
Conjurations   | |  1.0

Action                   |  1- 3 |  4- 6 |  7- 9 | 10-12 || total
-------------------------+-------+-------+-------+-------++-------
Melee: Unarmed           |    16 |       |    62 |    99 ||   177
       Club              |    19 |       |       |       ||    19
       Tailslap          |     6 |     7 |    17 |    16 ||    46
       Dagger            |    11 |    33 |    35 |       ||    79
       Punch             |       |     1 |     4 |     4 ||     9
 Cast: Shock             |    59 |   202 |    47 |       ||   308
       Airstrike         |       |       |    96 |    65 ||   161
 Abil: Breathe Noxious F |       |       |     3 |     2 ||     5
  Use: Scroll            |       |       |     9 |     3 ||    12
 Stab: Confused          |       |       |     2 |     1 ||     3
Armor: Skin              |    15 |    26 |    49 |    67 ||   157
Dodge: Dodged            |    32 |    47 |    86 |   106 ||   271
